 Dungeon Crawl Stone Soup version 0.30.0-10-gfe55d96785 (webtiles) character file.

Game seed: 2579251708073626087

215006 browni3141 the Slayer (level 19, -14/193 (226) HPs)
             Began as an Ogre Cinder Acolyte on May 14, 2023.
             Was the Champion of Makhleb.
             Demolished by a pharaoh ant (28 damage)
             ... on level 4 of the Spider Nest.
             The game lasted 01:38:17 (37550 turns).

browni3141 the Slayer (Ogre Cinder Acolyte)        Turns: 37550, Time: 01:38:18

HP:   -14/193 (226) AC: 15    Str: 29      XL:     19   Next: 1%
MP:   28/28         EV: 11    Int: 13 (15) God:    Makhleb [******]
Gold: 1839          SH:  0    Dex:  8 (10) Spells: 6/22 levels left

rFire   . . .        b - +6 demon trident (drain)
rCold   . . .        (no shield)
rNeg    . . .        q - +0 acid dragon scales
rPois   +            l - +2 hat
rElec   .            o - +0 cloak {rPois}
rCorr   +            (gloves unavailable)
SInv    .            (boots unavailable)
Will    +....        G - amulet of regeneration
Stlth   +            N - +6 ring of dexterity
HPRegen 1.32/turn    y - +4 ring of protection
MPRegen 0.21/turn

%: no passive effects
@: heavily drained
A: large, unfitting armour, tough skin 1
}: 1/15 runes: barnacled
a: Renounce Religion, Minor Destruction, Lesser Servant of Makhleb, Major
Destruction, Greater Servant of Makhleb


You were on level 4 of the Spider Nest.
You worshipped Makhleb.
Makhleb was exalted by your worship.
You visited 6 branches of the dungeon, and saw 31 of its levels.
You also visited: Ossuary, Bailey, Ice Cave and Volcano.

You collected 3155 gold pieces.
You spent 1316 gold pieces at shops.

Inventory:

Hand Weapons
 b - a +6 demon trident of draining (weapon)
Missiles
 u - 4 curare-tipped darts
 K - 12 javelins
 P - 4 silver javelins
 T - 9 boomerangs
 Y - 29 large rocks (quivered)
 Z - a throwing net
Armour
 l - a +2 hat (worn)
 o - a +0 cloak of poison resistance (worn)
 q - +0 acid dragon scales (worn)
 r - a +2 robe of willpower
Magical Staves
 J - the staff of death "Kenar" {rPois rC- rN+ Int+7 Dex+2}
   (You found it on level 4 of the Shoals)

   [staff of death]

   Base accuracy: +5 Base damage: 5 Base attack delay: 1.2 This weapon's minimum
   attack delay (0.6) is reached at skill level 12.
   Int:       It affects your intelligence (+7).
   Dex:       It affects your dexterity (+2).
   rC:        It makes you vulnerable to cold.
   rPois:     It protects you from poison.
   rN:        It protects you from negative energy.
   It falls into the 'Staves' category.
   It is a one-handed weapon.
Jewellery
 a - a ring of willpower
 e - a ring of ice
 y - a +4 ring of protection (right hand)
 G - an amulet of regeneration (around neck)
 N - a +6 ring of dexterity (left hand)
Wands
 d - a wand of mindburst (9)
 g - a wand of quicksilver (22)
 j - a wand of charming (21)
 p - a wand of polymorph (14)
 x - a wand of digging (11)
 A - a wand of roots (1)
 V - a wand of flame (64)
Scrolls
 k - 3 scrolls of silence
 n - 7 scrolls of enchant armour
 s - 3 scrolls of torment
 w - 5 scrolls of magic mapping
 D - 3 scrolls of summoning
 E - 4 scrolls of immolation
 F - 8 scrolls of fog
 I - 11 scrolls of teleportation
 Q - a scroll of fear
 S - 5 scrolls of poison
 U - 7 scrolls of blinking
 X - 3 scrolls of vulnerability
Potions
 c - 3 potions of cancellation
 f - 5 potions of flight
 h - 6 potions of haste
 i - a potion of invisibility
 m - a potion of magic
 t - 7 potions of attraction
 v - 10 potions of mutation
 z - a potion of berserk rage
 C - 19 potions of curing
 H - 2 potions of heal wounds
 L - 6 potions of lignification
 M - 4 potions of might
 R - 3 potions of resistance
 W - 2 potions of ambrosia
Miscellaneous
 B - a phantom mirror
 O - a condenser vane (inert)


   Skills:
 + Level 21.7 Fighting
 - Level 16.0 Polearms
 - Level 16.0 Throwing
 - Level 4.0 Armour
 - Level 8.0 Dodging
 - Level 2.0 Spellcasting
 * Level 11.8 Necromancy
 - Level 3.0 Fire Magic
 * Level 12.2 Invocations
 - Level 3.0 Evocations


You had 6 spell levels left.
You knew the following spells:

 Your Spells              Type           Power      Damage    Failure   Level
a - Death Channel         Necr           15%        N/A       36%         6
d - Animate Dead          Necr           31%        N/A       2%          4
u - Dispel Undead         Necr           31%        3d14      2%          4
x - Scorch                Fire           18%        2d6       13%         2

Your spell library contained the following spells:

 Spells                   Type           Power      Damage    Failure   Level
 Necrotise                Necr           100%       1d9       1%          1
 Sublimation of Blood     Necr           31%        N/A       1%          2
 Vampiric Draining        Necr           31%        2d8       1%          3
 Agony                    Necr           31%        N/A       7%          5
 Cigotuvi's Dreadful Rot  Necr/Pois/Air  22%        N/A       9%          2
 Freeze                   Ice            4%         1d3       30%         1
 Magic Dart               Conj           4%         1d3       30%         1
 Slow                     Hex            4%         N/A       30%         1
 Call Imp                 Summ           2%         N/A       41%         2
 Lesser Beckoning         Tloc           2%         N/A       41%         2
 Passwall                 Tmut/Erth      0%         N/A       41%         2
 Ignite Poison            Fire/Tmut/Pois 3%         N/A       52%         3
 Borgnjor's Vile Clutch   Necr/Erth      8%         N/A       58%         5
 Call Canine Familiar     Summ           1%         N/A       65%         3
 Confusing Touch          Hex            1%         N/A       65%         3
 Gell's Gravitas          Tloc           1%         N/A       65%         3
 Hailstorm                Conj/Ice       1%         3d3       65%         3
 Mephitic Cloud           Conj/Pois/Air  1%         N/A       65%         3
 Ozocubu's Armour         Ice            1%         N/A       65%         3
 Portal Projectile        Hex/Tloc       2%         N/A       65%         3
 Stone Arrow              Conj/Erth      2%         3d7       65%         3
 Teleport Other           Tloc           1%         N/A       65%         3
 Animate Armour           Summ/Erth      2%         N/A       96%         4
 Ice Form                 Ice/Tmut       1%         N/A       96%         4
 Leda's Liquefaction      Hex/Erth       0%         N/A       96%         4
 Olgreb's Toxic Radiance  Pois           1%         N/A       96%         4
 Petrify                  Tmut/Erth      1%         N/A       96%         4
 Fireball                 Conj/Fire      2%         3d4       99%         5
 Simulacrum               Ice/Necr       8%         N/A       99%         6
 Irradiate                Conj/Tmut      0%         3d11      100%        5
 Iskenderun's Battlesphe  Conj           1%         2d6       100%        5
 Lee's Rapid Deconstruct  Erth           0%         3d4*      100%        5
 Metabolic Englaciation   Hex/Ice        0%         N/A       100%        5
 Iron Shot                Conj/Erth      0%         9d1       100%        6
 Statue Form              Tmut/Erth      0%         N/A       100%        6
 Haunt                    Necr/Summ      8%         N/A       100%        7
 Ozocubu's Refrigeration  Ice            0%         4d7       100%        7
 Spellforged Servitor     Conj/Summ      0%         N/A       100%        7
 Discord                  Hex            0%         N/A       100%        8
 Ignition                 Fire           4%         3d4       100%        8
 Infestation              Necr           15%        N/A       100%        8
 Lehudib's Crystal Spear  Conj/Erth      0%         10d2      100%        8


Dungeon Overview and Level Annotations

Branches:
Dungeon (15/15)            Temple (1/1) D:5            Lair (5/5) D:11
 Shoals (4/4) Lair:3       Spider (4/4) Lair:3        Slime (0/5) Lair:4
    Orc (2/2) D:9             Elf (0/3) Orc:2        Vaults (0/5) D:13
 Depths (0/4) D:15        Ossuary (visited)          Bailey (visited)
  IceCv (visited)         Volcano (visited)

Altars:
Ashenzari
Cheibriados
Dithmenos
Elyvilon
Fedhas
Gozag
Hepliaklqana
Kikubaaqudgha
Makhleb
Nemelex Xobeh
Okawaru
Qazlal
Ru
Sif Muna
Trog
Uskayaw
Vehumet
Wu Jian
Xom
Yredelemnul
Zin
The Shining One
Jiyva

Shops:
D:2 (   D:10 (   D:13 ([   Orc:2 ((?([:   Shoals:1 *


Innate Abilities, Weirdness & Mutations

You are too large for most types of armour.
You have tough skin. (AC +1)


Message History

You feel better. The jumping spider pounces on you!
The jumping spider bites you.
You hit the jumping spider but do no damage.
You drain the jumping spider.
The jumping spider is lightly wounded.
The jumping spider leaps!
You are too injured to fight recklessly!
You are too injured to fight recklessly!
You are too injured to fight recklessly!
You are too injured to fight recklessly!
Throw: 29 large rocks
Press: ? - help, Q - select action, (/) - cycle Shift-Dir - straight line, f - jumping spider
Aim: a jumping spider (lightly wounded, lightly drained, 68% to hit)
You throw a large rock.
The large rock hits the jumping spider!!
The jumping spider is severely wounded.
The jumping spider leaps!
A jumping spider is nearby!
You are too injured to fight recklessly!
You are too injured to fight recklessly!
You are too injured to fight recklessly!
A tarantella comes into view.
A wolf spider comes into view.
The wolf spider's many legs skitter.
The jumping spider leaps! x2
The jumping spider leaps!
The jumping spider leaps!
An orb spider comes into view.
The orb spider's many legs skitter faintly.
A pharaoh ant comes into view.
The pharaoh ant gives a chilling moan.
The pharaoh ant moves out of view.
You see here a large rock.
Y - 29 large rocks (gained 1)
The orb spider spins a strand of pure energy.
The wolf spider hits you. The wolf spider barely misses you.
The tarantella attacks as you move away!
The tarantella touches you!
The wolf spider hits you but does no damage.
The wolf spider bites you.
The wolf spider attacks as you move away!
The wolf spider hits you but does no damage.
The wolf spider bites you but does no damage.
The pharaoh ant attacks as you move away!
The pharaoh ant bites you!
You feel drained.
The wolf spider hits you but does no damage.
The wolf spider bites you.
The pharaoh ant attacks as you move away!
The pharaoh ant bites you!
* * * LOW HITPOINT WARNING * * *
You feel drained. The pharaoh ant bites you!!
* * * LOW HITPOINT WARNING * * *
Aiming: Fastroot
Press: ? - help, Shift-Dir - straight line, f - wolf spider
Aim: a wolf spider The roots erupt in riotous growth!
Roots grab the wolf spider.
Roots grab the pharaoh ant.
The grasping roots constrict the pharaoh ant!
The grasping roots constrict the wolf spider.
You hear a faint skittering sound. x2; You hear a skittering sound.
The wolf spider closely misses you.
The wolf spider bites you but does no damage.
The pharaoh ant bites you!
* * * LOW HITPOINT WARNING * * *
You feel drained.
* * * LOW HITPOINT WARNING * * *
The wolf spider hits you but does no damage.
The wolf spider barely misses you.
You puncture the wolf spider! You drain the wolf spider.
The wolf spider is heavily wounded.
The grasping roots constrict the pharaoh ant.
The grasping roots constrict the wolf spider.
The pharaoh ant bites you!!
* * * LOW HITPOINT WARNING * * *
You feel drained.
* * * LOW HITPOINT WARNING * * *
The wolf spider hits you!
* * * LOW HITPOINT WARNING * * *
The wolf spider bites you but does no damage.
Unknown command.
As you read the scroll of fear, it crumbles to dust.
You assume a fearsome visage.
The jumping spider looks frightened!
The orb spider looks frightened!
The pharaoh ant is unaffected.
The wolf spider looks frightened!
The tarantella looks frightened!
The grasping roots constrict the pharaoh ant.
The grasping roots constrict the wolf spider!
The roots release their grip on the pharaoh ant.
The roots release their grip on the wolf spider.
The jumping spider leaps!
The pharaoh ant misses you.
Unknown command.
Throw: 29 large rocks
Press: ? - help, Q - select action, (/) - cycle Shift-Dir - straight line, f/p - wolf spider
Aim: a wolf spider (severely wounded, fleeing, lightly drained, 73% to hit)
Okay, then.
You feel better. The pharaoh ant bites you!!
* * * LOW HITPOINT WARNING * * *
You feel drained.
* * * LOW HITPOINT WARNING * * *
The pharaoh ant bites you!!
You die...

...^^#..###...#
....#....#..##
..###..#...$#^.##
...^...###..##..#
###ss....#^.##
#.##.....#..##
##.^#...####..#
.^....#..##..##
..##^.#○B@#.^#
#^^#..#...##
^s..#.....##
.....#..####
.....#.^..#
###..# .... #..##
#...


You could see a wolf spider (fleeing, drained), a pharaoh ant and a tarantella
(fleeing).

Vanquished Creatures
  A kraken (Shoals:3)
  Polyphemus (Shoals:4)
  2 frost giants (IceCv)
  6 ghost moths
  Nessos (D:13)
  Azrael (D:13)
  A white draconian (IceCv)
  A spark wasp (Spider:2)
  5 merfolk impalers
  A merfolk javelineer (Shoals:4)
  An entropy weaver (Spider:3)
  A fire dragon (Lair:5)
  3 vault guards (D:13)
  8 centaur warriors
  4 hydras
  2 ironbound frosthearts (IceCv)
  2 catoblepae
  5 merfolk avatars
  7 boulder beetles
  3 jorogumos
  An alligator snapping turtle (Shoals:4)
  3 radroaches (Spider:3)
  5 two-headed ogres
  A satyr (Shoals:4)
  A death knight (D:14)
  4 merfolk aquamancers
  17 death yaks
  2 tengu warriors (D:15)
  Sonja (D:13)
  6 orc high priests (Orc:2)
  Nergalle (D:10)
  A skeletal warrior (D:14)
  6 pharaoh ants
  6 skysharks
  A goliath frog (Lair:5)
  13 sea snakes
  A sun moth (Spider:2)
  7 orb spiders
  10 harpies
  9 wolf spiders
  A wizard (D:13)
  Pikel (D:7)
  6 orc knights
  An orange crystal statue (IceCv)
  4 steelbarb worms
  A deep elf zephyrmancer (D:15)
  5 orc sorcerers
  2 necromancers
  4 deep elf pyromancers
  A moth of wrath (Spider:1)
  25 ugly things
  17 manticores
  3 cyclopes (D:14)
  4 fauns (Shoals:4)
  A toenail golem (Lair:1)
  13 merfolk sirens
  4 torpor snails
  Maurice (D:10)
  A centaur zombie (D:15)
  4 water nymphs
  5 demonic crawlers
  15 slime creatures
  2 naga magi (D:15)
  The ghost of cheesebisquit the Sneak, a novice DrFE (D:5)
  4 black mambas
  6 elephants (Lair:4)
  19 cane toads
  2 gargoyles
  The ghost of greasedhog the Poker, a novice FoFi (D:6)
  2 unseen horrors
  26 rime drakes
  An efreet (D:14)
  A centaur skeleton (D:15)
  7 komodo dragons
  A yaktaur (shapeshifter) (D:15)
  A komodo dragon (shapeshifter) (D:15)
  2 tengu conjurers (D:15)
  A freezing wraith (D:14)
  16 merfolk
  7 trolls
  15 polar bears (IceCv)
  6 wind drakes
  3 meliai (Spider:3)
  A harpy skeleton (D:15)
  2 tyrant leeches (Lair:5)
  A hornet (D:11)
  A meliai zombie (D:15)
  Prince Ribbit (D:8)
  12 tarantellas
  31 blink frogs
  7 snapping turtles
  2 dream sheep (Lair:2)
  16 jumping spiders
  12 water elementals
  14 culicivoras
  3 wraiths (D:14)
  Sigmund (D:4)
  10 fire elementals
  2 wyverns
  A vampire (D:10)
  2 shadows (D:12)
  Eustachio (D:4)
  25 yaks
  8 steam dragons (Lair:5)
  36 redbacks
  8 vampire mosquitoes
  3 basilisks
  9 wargs (Orc:2)
  2 acid dragons (D:10)
  6 hell hounds
  Duvessa (D:7)
  10 water moccasins
  2 sky beasts
  18 orc warriors
  4 black bears
  2 ice beasts
  5 ogres
  A boggart (shapeshifter) (D:14)
  3 elephant zombies (Lair:3)
  10 wolves
  15 centaurs
  3 phantoms
  2 kobold brigands
  22 bullfrogs
  A gnoll sergeant (D:9)
  4 scorpions
  Dowan (D:7)
  6 killer bees (D:11)
  10 electric eels
  2 howler monkeys
  3 basilisk zombies (Lair:3)
  43 orc priests
  3 hounds
  14 jellies
  A scorpion zombie (D:4)
  5 iguanas
  25 orc wizards
  6 hell rats (Lair:1)
  A hound skeleton (D:4)
  A mummy (Ossuary)
  Robin (D:2)
  13 gnolls
  11 river rats (Lair:1)
  9 adders
  A shadow imp (D:8)
  2 ufetubi
  An adder zombie (D:4)
  A worm (D:5)
  2 dart slugs
  101 orcs
  3 spectral bats (Ossuary)
  5 ball pythons
  2 bats
  9 endoplasms
  4 giant cockroaches
  16 goblins
  8 hobgoblins
  9 jackals
  13 quokkas
  2 bat simulacra (Ossuary)
  7 frilled lizards
  12 gnoll zombies (Ossuary)
  6 goblin simulacra (Ossuary)
  5 goblin zombies (Ossuary)
  2 hobgoblin zombies (Ossuary)
  13 kobolds
  2 kobold simulacra (Ossuary)
  6 kobold zombies (Ossuary)
  5 orc zombies (Ossuary)
  12 rats
  3 rat simulacra (Ossuary)
  3 spectral goblins (Ossuary)
  2 spectral kobolds (Ossuary)
  A spectral rat (Ossuary)
  4 tentacles (Shoals:3)
1132 creatures vanquished.

Vanquished Creatures (collateral kills)
  A merfolk impaler (Shoals:4)
  A merfolk javelineer (Shoals:4)
  A vault guard (D:13)
  Harold (D:9)
  An ironbound frostheart (IceCv)
  A centaur warrior (Shoals:2)
  A merfolk avatar (Shoals:4)
  A merfolk aquamancer (Shoals:4)
  A sea snake (Shoals:3)
  A goliath frog (Lair:5)
  4 harpies
  A manticore (Shoals:1)
  A merfolk siren (Shoals:4)
  A rime drake (Lair:5)
  A wind drake (Shoals:4)
  5 merfolk
  A snapping turtle (Shoals:3)
  2 water elementals
  A redback (Spider:3)
  An orc wizard (D:9)
  A gnoll (D:9)
  A tentacle (Shoals:3)
30 creatures vanquished.

Vanquished Creatures (others)
  Asterion (Spider:2)
  An ugly thing (D:14)
  A wolf spider (Spider:2)
  A cane toad (Lair:5)
  A sea snake zombie (Shoals:3)
  An efreet (D:13)
  A slime creature (D:13)
  A culicivora (Spider:3)
  A vampire mosquito (D:13)
  A merfolk zombie (Shoals:3)
  A water nymph zombie (Shoals:3)
  2 snapping turtle zombies
  13 foxfires (D:9)
  21 tentacles (Shoals:3)
47 creatures vanquished.

Grand Total: 1209 creatures vanquished

Notes
Turn   | Place    | Note
-------+----------+-------------------------------------------
     0 | D:1      | browni3141 the Ogre Cinder Acolyte began the quest for the
                  | Orb.
     0 | D:1      | Reached XP level 1. HP: 24/24 MP: 2/2
    83 | D:1      | Reached skill level 3 in Fire Magic
    83 | D:1      | Reached XP level 2. HP: 26/32 MP: 4/4
    86 | D:1      | Learned a level 2 spell: Scorch
   815 | D:2      | Reached XP level 3. HP: 36/39 MP: 6/6
   840 | D:2      | Found Zataes Jaik's Weapon Boutique.
  1528 | D:2      | Noticed Robin
  1533 | D:2      | Reached XP level 4. HP: 35/48 MP: 7/7
  1560 | D:2      | Killed Robin
  1936 | D:3      | Noticed a black bear
  1944 | D:3      | Killed a black bear
  1945 | D:3      | Reached XP level 5. HP: 18/54 MP: 1/8
  2425 | D:3      | Found a shadowy altar of Dithmenos.
  2425 | D:3      | Noticed a shadow
  2429 | D:3      | Found a hazy altar of Hepliaklqana.
  3047 | D:4      | Noticed Sigmund
  3065 | D:4      | Killed Sigmund
  3066 | D:4      | Reached skill level 6 in Polearms
  3066 | D:4      | Reached XP level 6. HP: 52/65 MP: 9/9
  3175 | D:4      | Reached skill level 5 in Fighting
  3358 | D:4      | Reached XP level 7. HP: 72/72 MP: 1/10
  3985 | D:4      | Reached skill level 6 in Fighting
  4036 | D:4      | Noticed Eustachio
  4105 | D:4      | Killed Eustachio
  4350 | D:5      | Entered Level 5 of the Dungeon
  4440 | D:5      | Reached XP level 8. HP: 84/84 MP: 6/11
  4737 | D:4      | Reached skill level 7 in Fighting
  5022 | D:5      | Reached skill level 9 in Polearms
  5112 | D:5      | Found a staircase to the Ecumenical Temple.
  5140 | Temple   | Entered the Ecumenical Temple
  5547 | D:5      | Found a runed translucent gate.
  5548 | D:5      | Found a runed translucent gate.
  5549 | D:5      | Found a runed translucent gate.
  5553 | D:5      | Noticed cheesebisquit's ghost (novice DrFE)
  5839 | D:6      | Found a transporter.
  5843 | D:6      | Noticed a yak
  5844 | D:6      | Noticed greasedhog's ghost (novice FoFi)
  5875 | D:6      | Reached skill level 8 in Fighting
  5907 | D:6      | Reached XP level 9. HP: 71/97 MP: 2/12
  6039 | D:6      | Found a transporter.
  6136 | D:6      | Reached skill level 9 in Fighting
  6829 | D:6      | Reached skill level 10 in Fighting
  7428 | D:7      | Noticed Pikel
  7438 | D:7      | Killed Pikel
  7439 | D:7      | Reached skill level 11 in Fighting
  7673 | D:7      | Noticed Dowan
  7674 | D:7      | Noticed Duvessa
  7691 | D:7      | Killed Duvessa
  7694 | D:7      | Killed Dowan
  7898 | D:8      | Found a sand-covered staircase.
  7907 | Ossuary  | Entered an ossuary
  8260 | D:8      | Reached XP level 10. HP: 101/114 MP: 1/13
  8339 | D:8      | Noticed Prince Ribbit
  8347 | D:8      | Killed Prince Ribbit
  8436 | D:8      | Reached skill level 12 in Fighting
  8448 | D:8      | Found a flagged portal.
  8514 | Bailey   | Entered a bailey
  8709 | Bailey   | Noticed an orc knight
  8716 | Bailey   | Killed an orc knight
  8717 | Bailey   | Reached skill level 12 in Polearms
  8897 | D:8      | Found a glowing golden altar of the Shining One.
  9443 | D:9      | Reached skill level 13 in Fighting
  9512 | D:9      | Noticed Harold
  9722 | D:9      | Reached XP level 11. HP: 127/127 MP: 11/14
  9753 | D:9      | Noticed a two-headed ogre
  9776 | D:9      | Killed a two-headed ogre
  9785 | D:9      | Killed Harold
 10256 | D:9      | Found a staircase to the Orcish Mines.
 10535 | D:10     | Entered Level 10 of the Dungeon
 10730 | D:10     | Found Maih's Antique Weapon Emporium.
 10766 | D:10     | Noticed Nergalle
 10790 | D:10     | Killed Nergalle
 10936 | D:10     | Noticed Maurice
 10958 | D:10     | Killed Maurice
 10972 | D:10     | Noticed a two-headed ogre
 10982 | D:10     | Killed a two-headed ogre
 10983 | D:10     | Reached skill level 14 in Fighting
 11019 | D:10     | Reached XP level 12. HP: 139/139 MP: 15/15
 11902 | D:11     | Reached skill level 9 in Throwing
 12089 | D:11     | Reached skill level 3 in Evocations
 12218 | D:11     | Found a staircase to the Lair.
 12632 | Lair:1   | Entered Level 1 of the Lair of Beasts
 12676 | Lair:1   | Reached XP level 13. HP: 47/148 MP: 8/16
 12828 | Lair:1   | Reached skill level 15 in Polearms
 12890 | Lair:1   | Found a dark tunnel.
 12946 | Volcano  | Entered a volcano
 13998 | Lair:2   | Reached skill level 15 in Fighting
 15606 | Lair:3   | Found a staircase to the Shoals.
 15626 | Lair:3   | Reached skill level 12 in Throwing
 15684 | Lair:3   | Reached XP level 14. HP: 136/161 MP: 17/17
 15700 | Lair:3   | Reached skill level 16 in Fighting
 15809 | Lair:3   | Found a hole to the Spider Nest.
 16112 | Lair:3   | Reached skill level 17 in Fighting
 16755 | Lair:4   | Found a staircase to the Slime Pits.
 16755 | Lair:4   | Found a viscous altar of Jiyva.
 17015 | Lair:4   | Identified the +6 rapier of Blind Justice {heavy, Str+3
                  | Dex+2 Stlth+}
 17063 | Lair:4   | Reached skill level 18 in Fighting
 17534 | Lair:5   | Entered Level 5 of the Lair of Beasts
 17772 | Lair:5   | Reached skill level 3 in Dodging
 18152 | Lair:5   | Identified the ring "Teemp" {MP+9 Str+4}
 18319 | Lair:5   | Reached XP level 15. HP: 96/178 MP: 18/18
 18718 | Lair:5   | Reached skill level 3 in Armour
 19191 | Orc:1    | Entered Level 1 of the Orcish Mines
 19580 | Orc:2    | Entered Level 2 of the Orcish Mines
 19987 | Orc:2    | Found Keedyak's Magic Scroll Emporium.
 19992 | Orc:2    | Found a staircase to the Elven Halls.
 20056 | Orc:2    | Reached skill level 6 in Dodging
 20078 | Orc:2    | Found Otoleapn's Distillery.
 20078 | Orc:2    | Found Qaqylouf's Assorted Antiques.
 20120 | Orc:2    | Found Xateqel's Antique Weapon Emporium.
 20128 | Orc:2    | Found Mugateur's Antique Weapon Shop.
 20248 | Orc:2    | Found Zafusch's Book Shoppe.
 20362 | Orc:2    | Found Vizedaph's Antique Weapon Shoppe.
 20362 | Orc:2    | Found Buos's Antique Armour Boutique.
 20461 | Orc:2    | Bought 2 potions of attraction for 78 gold pieces
 20461 | Orc:2    | Bought a potion of flight for 39 gold pieces
 20461 | Orc:2    | Bought a potion of curing for 39 gold pieces
 20461 | Orc:2    | Bought 3 potions of curing for 117 gold pieces
 20461 | Orc:2    | Bought a potion of might for 52 gold pieces
 20461 | Orc:2    | Bought a potion of mutation for 104 gold pieces
 20461 | Orc:2    | Bought a potion of cancellation for 104 gold pieces
 20461 | Orc:2    | Bought a potion of might for 52 gold pieces
 20461 | Orc:2    | Bought a potion of heal wounds for 65 gold pieces
 20461 | Orc:2    | Bought a potion of might for 52 gold pieces
 20476 | Orc:2    | Bought 2 scrolls of poison for 120 gold pieces
 20476 | Orc:2    | Bought a scroll of fear for 60 gold pieces
 20476 | Orc:2    | Bought a scroll of blinking for 112 gold pieces
 20476 | Orc:2    | Bought a scroll of teleportation for 45 gold pieces
 20476 | Orc:2    | Bought a scroll of fear for 60 gold pieces
 20476 | Orc:2    | Bought a scroll of vulnerability for 60 gold pieces
 20476 | Orc:2    | Bought a scroll of enchant weapon for 112 gold pieces
 20476 | Orc:2    | Bought a scroll of teleportation for 45 gold pieces
 20524 | Orc:2    | Learned a level 4 spell: Animate Dead
 20529 | Orc:2    | Learned a level 4 spell: Dispel Undead
 20536 | Orc:2    | Learned a level 6 spell: Death Channel
 20779 | D:5      | Killed cheesebisquit's ghost
 20872 | D:6      | Killed greasedhog's ghost
 21359 | Temple   | Fell from the grace of Ignis
 21359 | Temple   | Became a worshipper of Makhleb the Destroyer
 22174 | D:13     | Reached * piety under Makhleb
 22189 | D:13     | Found a gate to the Vaults.
 22230 | D:13     | Reached skill level 19 in Fighting
 22389 | D:13     | Found Piaddif's Armour Shoppe.
 22495 | D:13     | Found Ithrecs's Weapon Boutique.
 22502 | D:13     | You fall into a shaft and drop 2 floors!
 22502 | D:15     | Entered Level 15 of the Dungeon
 22551 | D:15     | Found a snail-covered altar of Cheibriados.
 22573 | D:15     | Reached skill level 3 in Necromancy
 23164 | D:13     | Found a shadowy altar of Dithmenos.
 23186 | D:13     | Noticed Azrael
 23195 | D:13     | Reached XP level 16. HP: 137/189 MP: 19/19
 23201 | D:13     | Killed Azrael
 23201 | D:13     | Reached ** piety under Makhleb
 23728 | D:13     | Noticed Nessos
 23742 | D:13     | Killed Nessos
 23935 | D:13     | Noticed Sonja
 23980 | D:13     | Killed Sonja
 24641 | D:14     | You fall into a shaft and drop 1 floor!
 24739 | D:14     | Identified the staff of cold "Uruwet" {rC+ Dex+3}
 24939 | D:14     | Reached *** piety under Makhleb
 25716 | D:15     | Reached skill level 15 in Throwing
 25876 | D:15     | Reached skill level 6 in Necromancy
 26081 | D:15     | Found a staircase to the Depths.
 27030 | Shoals:1 | Entered Level 1 of the Shoals
 27154 | Shoals:1 | Found Giwesaj's Assorted Antiques.
 27202 | Shoals:1 | You fall into a shaft and drop 1 floor!
 27263 | Shoals:2 | Was forgiven by Ignis
 27313 | Shoals:2 | Found a frozen archway.
 27327 | Shoals:2 | Reached **** piety under Makhleb
 27406 | IceCv    | Entered an ice cave
 27527 | IceCv    | Identified the +1 hat "Tydeus" {+Inv Stlth+}
 27559 | IceCv    | Reached skill level 3 in Invocations
 27828 | IceCv    | Reached XP level 17. HP: 171/201 MP: 20/20
 28163 | IceCv    | Reached skill level 20 in Fighting
 28417 | IceCv    | Got Ujoaneil's Compilation of Virous Spelunking
 29119 | Shoals:1 | Reached ***** piety under Makhleb
 29321 | Shoals:1 | Reached skill level 6 in Invocations
 30203 | Shoals:3 | Noticed a kraken
 30264 | Shoals:3 | Killed a kraken
 30392 | Shoals:3 | Reached skill level 9 in Necromancy
 30549 | Shoals:3 | Noticed a kraken
 30878 | Shoals:4 | Entered Level 4 of the Shoals
 31820 | Shoals:4 | Identified the staff of death "Kenar" {rPois rC- rN+ Int+7
                  | Dex+2}
 32012 | Shoals:4 | Reached XP level 18. HP: 58/210 MP: 24/24
 32214 | Shoals:4 | Got a barnacled rune of Zot
 32255 | Shoals:4 | Noticed Polyphemus
 32274 | Shoals:4 | Reached skill level 9 in Invocations
 32284 | Shoals:4 | Killed Polyphemus
 32561 | Shoals:4 | Reached skill level 21 in Fighting
 32575 | Shoals:4 | Identified the staff of conjuration "Ceps" {Fly rC+ Int+2}
 33242 | Spider:1 | Entered Level 1 of the Spider Nest
 34254 | Spider:1 | Paralysed by a jorogumo for 3 turns
 34921 | Spider:2 | Noticed Asterion
 35197 | Spider:2 | Killed Asterion
 36246 | Spider:3 | Reached ****** piety under Makhleb
 36800 | Spider:3 | Reached skill level 12 in Invocations
 37050 | Spider:3 | Got the Tractate on the Torrid Iceberg
 37328 | Spider:4 | Entered Level 4 of the Spider Nest
 37384 | Spider:4 | Reached XP level 19. HP: 226/226 MP: 0/28
 37550 | Spider:4 | Demolished by a pharaoh ant

Illustrated notes

Levels and vault maps discovered:
D:1:      dpeg_arrival_long_road, layout_loops_cross
D:2:      layout_basic, serial_curves, eino_curves_03, eino_curves_03,
          serial_shops, shop, minmay_misc_feat_rows, cheibrodos_gnoll_hut,
          uniq_robin
D:3:      layout_basic, riverfiend_overflow_shadow_ancestor,
          chequers_serial_rivers_micro_d, patterned_corridor
D:4:      layout_basic, serial_undead, serial_undead_a, serial_undead_f,
          serial_undead_e, serial_undead_b, uniq_eustachio, uniq_sigmund
D:5:      layout_cave_pools, minmay_temple_entry_ruins,
          ebering_ghost_rock_garden
D:6:      layout_basic, gammafunk_ghost_arena, serial_bayou_crossing
D:7:      layout_basic, uniq_duvessa, uniq_pikel
D:8:      layout_basic, nicolae_overflow_hidden_temple, enter_bailey_8,
          enter_ossuary_1, uniq_prince_ribbit1
D:9:      layout_loops_ring, orc_0_dummy, uniq_harold
D:10:     layout_gridville, serial_shops, shop, uniq_nergalle, uniq_maurice
D:11:     layout_roguey, grunt_lair_entry_orc_guard_hut, minivault_1
D:12:     layout_rooms
D:13:     layout_grid_maze, lightli_vaults_fourway_checkpoint, serial_shops,
          nicolae_shop_bloodbath_and_beyond, shop_statue, nicolae_water_bricks,
          grunt_dithmenos_smoke, uniq_sonja, uniq_nessos, uniq_azrael
D:14:     layout_grid_maze, minmay_shattered_shrine
D:15:     grunt_enter_depths_magical_seal, layout_grid_maze, cheibriados_altar_1
Temple:   nicolae_temple_bog_church
Lair:1:   lemuel_ratsnest, layout_small_grid, enter_volcano_3
Lair:2:   layout_layer_cave
Lair:3:   pond_and_an_island_with_a_cottage, layout_concentric_octagons,
          elwin_shoals_entry_rooms, nicolae_spider_entry_tight_spaces
Lair:4:   layout_long_grid, minmay_slime_entry_jelly_boxes, grunt_megastairs_4,
          lemuel_fruit_tree
Lair:5:   minmay_lair_end_frog_pond, layout_regular_city,
          nicolae_quartered_pool_little, bobbens_dragon_lair_wall
Shoals:1: layout_shoals, serial_shops, shop
Shoals:2: layout_shoals, portal_ice_cave_entry_pillars_four,
          nicolae_shoals_square_sea_wall
Shoals:3: layout_shoals
Shoals:4: shoals_end_hangedman, layout_shoals, nicolae_shoals_gull_way,
          uniq_polyphemus
Spider:1: layout_spider_delve
Spider:2: layout_spider_delve, uniq_asterion
Spider:3: layout_cave_pods, hellmonk_test_site,
          hangedman_spider_tarantella_strand
Spider:4: grunt_spider_rune_circles, beargit_elvish_explorers, uniq_arachne,
          uniq_roxanne
Orc:1:    layout_diamond_mine
Orc:2:    st_orc_town, layout_diamond_mine, basic_altar, serial_shops,
          nicolae_shop_dealshenge, nicolae_book_shop_shelving, shop, shop_coins,
          mines1_david

Skill      XL: |  1  2  3  4  5  6  7  8  9 10 11 12 13 14 15 16 17 18 |
---------------+-------------------------------------------------------+-----
Fire Magic     | 3 |  3.0
Spellcasting   | 2 |  2.0
Polearms       | 4 5 6 8 9 11 13 14 16 | 16.0
Fighting       | 5 6 8 11 13 14 15 18 19 20 21 | 21.7
Evocations     | 2 3 |  3.0
Throwing       | 8 9 12 13 14 15 16 | 16.0
Dodging        | 4 7 8 |  8.0
Armour         | 2 4 |  4.0
Necromancy     | 3 7 9 11 | 11.8
Invocations    | 3 8 12 | 12.2

Action                     |  1- 3 |  4- 6 |  7- 9 | 10-12 | 13-15 | 16-18 | 19-21 || total
---------------------------+-------+-------+-------+-------+-------+-------+-------++-------
  Melee: Spear             |   115 |   114 |   299 |       |       |       |       ||   528
         Punch             |     2 |       |       |     1 |       |     8 |       ||    11
         Trident           |       |       |   214 |    54 |       |       |       ||   268
         Halberd           |       |       |       |   380 |  1467 |  1317 |       ||  3164
         Demon trident     |       |       |       |       |       |   466 |     9 ||   475
         Staff             |       |       |       |       |       |    17 |       ||    17
   Fire: Shortbow          |       |       |     4 |       |       |       |       ||     4
  Throw: Boomerang         |       |       |       |       |    29 |    24 |       ||    53
         Dart              |       |       |       |       |    22 |    91 |       ||   113
         Javelin           |       |       |       |       |     5 |     6 |       ||    11
         Large rock        |       |       |       |       |       |    68 |     1 ||    69
         Throwing net      |       |       |       |       |       |     3 |       ||     3
   Cast: Scorch            |     5 |    15 |    94 |    35 |       |       |       ||   149
         Animate Dead      |       |       |       |       |       |     5 |       ||     5
 Invoke: Fiery Armour      |     2 |     2 |     3 |     3 |     2 |       |       ||    12
         Foxfire Swarm     |       |       |       |     1 |       |       |       ||     1
         Rising Flame      |       |       |       |       |     1 |       |       ||     1
         Minor Destruction |       |       |       |       |       |    15 |       ||    15
         Lesser Servant of |       |       |       |       |       |     9 |       ||     9
  Evoke: Wand              |       |       |     2 |     1 |    22 |     8 |     1 ||    34
         Phantom mirror    |       |       |       |       |     2 |     3 |       ||     5
         Condenser vane    |       |       |       |       |       |     2 |       ||     2
    Use: Scroll            |       |       |    17 |    10 |     8 |    14 |     1 ||    50
         Potion            |       |       |     1 |     2 |     3 |    13 |     1 ||    20
   Stab: Sleeping          |       |       |     2 |     7 |       |       |       ||     9
         Distracted        |       |       |       |       |     1 |     4 |       ||     5
         Petrified         |       |       |       |       |       |     6 |       ||     6
         Held in net/web   |       |       |       |       |       |     2 |       ||     2
         Confused          |       |       |       |       |       |     1 |       ||     1
         Petrifying        |       |       |       |       |       |     1 |       ||     1
 Armour: Robe              |    35 |    30 |   110 |    61 |       |   162 |       ||   398
         Acid dragon scale |       |       |       |   101 |   570 |   506 |    25 ||  1202
  Dodge: Dodged            |    29 |    40 |   134 |   142 |   465 |   733 |    17 ||  1560
  Block: Other             |    13 |    19 |    31 |       |       |       |       ||    63
